 Dungeon Crawl Stone Soup version 0.29-a0-490-g77b3608bb8 (webtiles) character file.

Game seed: 17063436167943190811

28641 testman the Carver (level 13, -43/104 HPs)
             Began as a Gnoll Cinder Acolyte on May 26, 2022.
             Was a Priest of Ignis.
             Annihilated by a titanic slime creature (81 damage)
             ... on level 13 of the Dungeon.
             The game lasted 01:19:21 (17671 turns).

testman the Carver (Gnoll Cinder Acolyte)          Turns: 17671, Time: 01:19:21

Health: -43/104    AC: 28    Str: 20    XL:     13   Next: 40%
Magic:  22/25      EV: 19    Int: 20    God:    Ignis [***...]
Gold:   776        SH:  6    Dex: 14    Spells: 15/29 levels left

rFire   + . .      SeeInvis +   T - +9 trident of the Curious Geomancers {protect, Contam rElec rN+ Stlth+}
rCold   . . .      Faith    .   Z - +0 buckler
rNeg    + . .      Spirit   .   a - +3 leather armour "Qemoog" {rPois Int+2}
rPois   +          Reflect  .   C - +1 helmet
rElec   +          Harm     .   h - +1 cloak {rCorr}
rCorr   +          Rampage  .   B - +1 pair of gloves
Will    .....                   (no boots)
Stlth   ++++......              Y - amulet "Ylaihuff" {Regen+ Str+2 Int+4}
HPRegen 1.07/turn               M - ring of Lady Luck {Str+3 Dex+3 SInv Stlth-}
MPRegen 0.19/turn               o - +4 ring of evasion

@: under a protective aura, fiery-armoured
A: fangs 1, strong nose, distributed training
a: Renounce Religion, Fiery Armour, Foxfire Swarm, Rising Flame


You were on level 13 of the Dungeon.
You worshipped Ignis.
Ignis was most pleased with you.
You visited 1 branch of the dungeon, and saw 13 of its levels.
You also visited: Bailey.

You collected 776 gold pieces.

Inventory:

Hand Weapons
 T - the +9 trident of the Curious Geomancers (weapon) {protect, Contam rElec rN+ Stlth+}
   (You found it on level 9 of the Dungeon)

   It grants its wielder temporary protection when it strikes (+7 to AC).
   rElec:     It insulates you from electricity.
   rN:        It protects you from negative energy.
   Contam:    It causes magical contamination when unequipped.
   Stlth:     It makes you more stealthy.
Missiles
 f - 2 boomerangs of dispersal
 q - 14 poisoned darts
 F - 19 boomerangs
 Q - 5 javelins
 S - a throwing net
Armour
 a - the +3 leather armour "Qemoog" (worn) {rPois Int+2}
   (You found it on level 8 of the Dungeon)

   Int:       It affects your intelligence (+2).
   rPois:     It protects you from poison.
 h - a +1 cloak of preservation (worn)
 B - a +1 pair of gloves (worn)
 C - a +1 helmet (worn)
 Z - a +0 buckler (worn)
Jewellery
 l - a ring of flight
 o - a +4 ring of evasion (right hand)
 A - a ring of willpower
 M - the ring of Lady Luck (left hand) {Str+3 Dex+3 SInv Stlth-}
   (You found it on level 7 of the Dungeon)

   [ring of see invisible]

   Str:       It affects your strength (+3).
   Dex:       It affects your dexterity (+3).
   SInv:      It lets you see invisible.
   Stlth:     It makes you less stealthy.
 Y - the amulet "Ylaihuff" (around neck) {Regen+ Str+2 Int+4}
   (You found it on level 12 of the Dungeon)

   [amulet of regeneration]

   Str:       It affects your strength (+2).
   Int:       It affects your intelligence (+4).
   Regen:     It increases your rate of health regeneration.
Wands
 w - a wand of flame (51)
 y - a wand of paralysis (15)
 z - a wand of acid (5)
 R - a wand of iceblast (7)
 V - a wand of polymorph (3)
Scrolls
 b - 3 scrolls of enchant weapon
 c - 7 scrolls of teleportation
 k - 8 scrolls of poison
 m - 3 scrolls of fear
 p - 2 scrolls of enchant armour
 r - a scroll of amnesia {unknown}
 x - 2 scrolls of fog {unknown}
 E - 3 scrolls of silence
 H - 2 scrolls of blinking
 L - a scroll of vulnerability {unknown}
 N - a scroll of brand weapon {unknown}
 U - 2 scrolls of magic mapping
Potions
 d - a potion of brilliance
 e - 2 potions of cancellation {unknown}
 g - a potion of invisibility
 i - 8 potions of curing
 j - a potion of might {unknown}
 n - a potion of heal wounds
 s - 2 potions of degeneration {unknown}
 t - 4 potions of lignification
 u - a potion of berserk rage
 v - 3 potions of haste
 D - 3 potions of mutation {unknown}
 I - 3 potions of flight
 J - 3 potions of ambrosia {unknown}
 K - a potion of attraction {unknown}
 P - a potion of resistance
Miscellaneous
 W - a piece from Xom's chessboard (15/15)
 X - a lightning rod (4/4)


   Skills:
 + Level 10.6 Fighting
 + Level 8.2 Short Blades
 + Level 10.6 Long Blades
 + Level 8.2 Axes
 + Level 8.2 Maces & Flails
 + Level 8.2 Polearms
 + Level 8.2 Staves
 + Level 8.2 Slings
 + Level 8.2 Bows
 + Level 8.2 Crossbows
 + Level 8.2 Throwing
 + Level 8.2 Armour
 + Level 8.2 Dodging
 + Level 8.2 Stealth
 + Level 8.2 Shields
 + Level 8.2 Unarmed Combat
 + Level 8.8 Spellcasting
 + Level 6.9 Conjurations
 + Level 6.9 Hexes
 + Level 6.9 Summonings
 + Level 6.9 Necromancy
 + Level 6.9 Translocations
 + Level 6.9 Transmutations
 + Level 8.9 Fire Magic
 + Level 6.9 Ice Magic
 + Level 6.9 Air Magic
 + Level 6.9 Earth Magic
 + Level 6.9 Poison Magic
 + Level 9.0 Invocations
 + Level 8.2 Evocations


You had 15 spell levels left.
You knew the following spells:

 Your Spells              Type           Power      Damage    Failure   Level
a - Scorch                Fire           88%        2d9       1%          2
b - Static Discharge      Conj/Air       36%        N/A       1%          2
c - Swiftness             Air            36%        N/A       1%          3
d - Mephitic Cloud        Conj/Pois/Air  36%        N/A       1%          3
e - Dispel Undead         Necr           36%        3d15      6%          4

Your spell library contained the following spells:

 Spells                   Type           Power      Damage    Failure   Level
 Magic Dart               Conj           100%       1d8       1%          1
 Shock                    Conj/Air       100%       1d9       1%          1
 Call Imp                 Summ           36%        N/A       1%          2
 Conjure Flame            Conj/Fire      40%        6-21      1%          3
 Ignite Poison            Fire/Tmut/Pois 39%        N/A       1%          3
 Sticky Flame             Conj/Fire      40%        2d6       4%          4
 Airstrike                Air            18%        N/A       6%          4
 Hailstorm                Conj/Ice       36%        3d9       6%          4
 Ice Form                 Ice/Tmut       36%        N/A       6%          4
 Alistair's Intoxication  Tmut/Pois      24%        N/A       19%         5
 Borgnjor's Vile Clutch   Necr/Erth      18%        N/A       19%         5
 Eringya's Noxious Bog    Tmut/Pois      18%        N/A       69%         6
 Simulacrum               Ice/Necr       18%        N/A       69%         6
 Malign Gateway           Summ/Tloc      18%        N/A       99%         7
 Summon Horrible Things   Summ           18%        N/A       100%        8


Dungeon Overview and Level Annotations

Branches:
Dungeon (13/15)            Temple (0/1) D:7            Lair (0/6) D:10
    Orc (0/2) D:9          Bailey (visited)
 Vaults: D:13-14

Altars:
Ashenzari
Cheibriados
Dithmenos
Hepliaklqana
Makhleb
Ru
Sif Muna
Uskayaw
Xom
Yredelemnul
Zin

Shops:
D:1 (   D:10 [

Annotations:
D:10 Urug


Innate Abilities, Weirdness & Mutations

You have very sharp teeth.
Your uncanny sense of smell can sniff out nearby items.
Your experience applies equally to all skills.


Message History

The centaur warrior hits the slime creature.
The centaur warrior kicks the slime creature.
The rakshasa hits you with a +0 trident!
The rakshasa is burned by your cloak of flames.
The rakshasa is almost dead.
The frilled lizard hisses angrily.
You puncture the rakshasa!
You kill the rakshasa!
The centaur warrior shimmers and vanishes! x2
The slime creature shimmers and vanishes!
Two slime creatures merge to form a large slime creature.
Two slime creatures merge to form a very large slime creature.
Casting: Mephitic Cloud (safe; 1% risk of failure)
Confirm with . or Enter, or press ? or * to list all spells.
Okay, then.
You barely miss the very large slime creature.
The very large slime creature is lightly wounded.
You puncture the very large slime creature!
The very large slime creature is lightly wounded.
Two slime creatures merge to form an enormous slime creature.
Two slime creatures merge to form a titanic slime creature.
The titanic slime creature attacks as you move away!
The titanic slime creature hits you!!!
* * * LOW HITPOINT WARNING * * *
The titanic slime creature is burned by your cloak of flames.
The titanic slime creature is lightly wounded.
Okay, then.
Okay, then.
Okay, then.
You feel much better.
The frilled lizard hisses angrily.
The titanic slime creature barely misses you.
The centaur warrior misses you.
The centaur warrior kicks you but does no damage.
The centaur warrior is burned by your cloak of flames.
The centaur warrior is heavily wounded.
The titanic slime creature attacks as you move away!
The titanic slime creature hits you!!!!
Ouch! That really hurt!
You die...

#.......+.#............#.
#.......#.##.#####.....#.
#.......+.##.###########
#.......##......#
#...............+
#...............# ∆
#.......>..........
#..†.........)..##.#
#.......@..#+#### #
##......cJ.# #......l.<#
#.......##)......
#................
#.......##.......
#........#.......
#................
######+######+#.#


You could see a titanic slime creature, a centaur warrior (confused) and a
frilled lizard (wandering, blind).

Vanquished Creatures
  A storm dragon (D:12)
  An ettin (D:12)
  Josephine (D:10)
  2 vault guards (Bailey)
  A rakshasa (D:13)
  2 hydras
  A centaur warrior (D:13)
  Erica (D:8)
  5 two-headed ogres
  3 death yaks (D:10)
  The ghost of Taurus the Thaumaturge, a journeyman DECj of Vehumet (D:10)
  Pikel (D:6)
  A deep elf pyromancer (D:10)
  A cyclops (D:12)
  A manticore (D:11)
  3 ugly things
  Maggie (D:6)
  Psyche (D:9)
  3 tengu conjurers
  8 trolls
  2 hornets (D:10)
  Prince Ribbit (Bailey)
  6 wraiths
  3 wyverns
  17 yaks
  2 basilisks
  6 humans (Bailey)
  A neqoxec (D:10)
  An acid dragon (D:9)
  3 water moccasins
  5 orc warriors
  3 ice beasts
  3 sky beasts
  4 black bears
  2 ogres
  10 centaurs
  3 gnoll sergeants
  12 bullfrogs
  Blork the orc (D:6)
  4 necrophages
  A scorpion (D:6)
  3 killer bees (D:10)
  3 electric eels (D:9)
  5 howler monkeys
  3 quasits (D:10)
  7 orc priests
  2 hounds (D:6)
  3 jellies
  Crazy Yiuf (D:7)
  An iron imp (D:6)
  A gnoll shaman (D:5)
  3 iguanas
  Ijyb (D:4)
  8 orc wizards
  A hell rat (D:10)
  6 adders
  14 gnolls
  2 river rats (D:10)
  A shadow imp (D:5)
  A white imp (D:5)
  2 worms
  3 dart slugs
  29 orcs
  4 endoplasms
  5 giant cockroaches
  17 goblins
  10 hobgoblins
  8 jackals
  3 quokkas
  9 ball pythons
  3 bats
  6 frilled lizards
  3 kobolds
  14 rats
  A spectral goblin (D:4)
312 creatures vanquished.

Vanquished Creatures (others)
  An angel (D:9)
  A killer bee (D:10)
  An orc wizard (D:10)
  2 plants (D:9)
5 creatures vanquished.

Grand Total: 317 creatures vanquished

Notes
Turn   | Place    | Note
-------+----------+-------------------------------------------
     0 | D:1      | testman the Gnoll Cinder Acolyte began the quest for the
                  | Orb.
     0 | D:1      | Reached XP level 1. HP: 23/23 MP: 4/4
   121 | D:1      | Reached XP level 2. HP: 25/29 MP: 5/5
   134 | D:1      | Learned a level 2 spell: Scorch
   272 | D:1      | Found Ezickutz's Weapon Shop.
   678 | D:1      | Found a faded altar of an unknown god.
   711 | D:1      | Reached XP level 3. HP: 9/35 MP: 7/7
  1807 | D:2      | Reached skill level 1 in Invocations
  2585 | D:2      | Reached skill level 1 in Short Blades
  2585 | D:2      | Reached skill level 1 in Axes
  2585 | D:2      | Reached skill level 1 in Maces & Flails
  2585 | D:2      | Reached skill level 1 in Polearms
  2585 | D:2      | Reached skill level 1 in Staves
  2585 | D:2      | Reached skill level 1 in Slings
  2585 | D:2      | Reached skill level 1 in Bows
  2585 | D:2      | Reached skill level 1 in Crossbows
  2585 | D:2      | Reached skill level 1 in Throwing
  2585 | D:2      | Reached skill level 1 in Armour
  2585 | D:2      | Reached skill level 1 in Dodging
  2585 | D:2      | Reached skill level 1 in Stealth
  2585 | D:2      | Reached skill level 1 in Shields
  2585 | D:2      | Reached skill level 1 in Unarmed Combat
  2585 | D:2      | Reached skill level 1 in Evocations
  2715 | D:3      | Found a broken altar of Ashenzari.
  2928 | D:3      | Reached XP level 4. HP: 41/41 MP: 8/8
  2981 | D:3      | Reached skill level 1 in Conjurations
  2981 | D:3      | Reached skill level 1 in Hexes
  2981 | D:3      | Reached skill level 1 in Summonings
  2981 | D:3      | Reached skill level 1 in Necromancy
  2981 | D:3      | Reached skill level 1 in Translocations
  2981 | D:3      | Reached skill level 1 in Transmutations
  2981 | D:3      | Reached skill level 1 in Ice Magic
  2981 | D:3      | Reached skill level 1 in Air Magic
  2981 | D:3      | Reached skill level 1 in Earth Magic
  2981 | D:3      | Reached skill level 1 in Poison Magic
  3838 | D:4      | You are sucked into a shaft and drop 1 floor!
  3838 | D:5      | Entered Level 5 of the Dungeon
  3879 | D:4      | Reached XP level 5. HP: 29/47 MP: 9/9
  4122 | D:4      | Noticed a sky beast
  4128 | D:4      | Killed a sky beast
  4129 | D:4      | Reached XP level 6. HP: 45/53 MP: 3/11
  4329 | D:4      | Noticed Ijyb
  4336 | D:4      | Paralysed by Ijyb for 4 turns
  4344 | D:4      | Killed Ijyb
  4659 | D:4      | Found a hazy altar of Hepliaklqana.
  4697 | D:4      | Found a shimmering blue altar of Sif Muna.
  4813 | D:5      | Reached XP level 7. HP: 24/59 MP: 5/12
  5684 | D:5      | Found a snail-covered altar of Cheibriados.
  6140 | D:5      | Reached XP level 8. HP: 55/67 MP: 8/14
  6700 | D:5      | Noticed a +0 spear
  6701 | D:5      | Noticed a +0 spear
  6702 | D:5      | Noticed a +0 falchion
  6702 | D:5      | Noticed a +0 dagger
  6702 | D:5      | Noticed a +0 falchion
  6702 | D:5      | Noticed a +0 dagger
  6703 | D:5      | Noticed a +0 short sword
  6703 | D:5      | Noticed a +0 short sword
  6707 | D:5      | Found a hide-covered altar of Uskayaw.
  6915 | D:6      | Noticed Pikel
  6950 | D:6      | Killed Pikel
  6954 | D:6      | Reached XP level 9. HP: 50/72 MP: 6/16
  7194 | D:6      | Reached skill level 5 in Spellcasting
  7559 | D:6      | Noticed Blork the orc
  7569 | D:6      | Noticed Maggie
  7586 | D:6      | Killed Blork the orc
  7640 | D:6      | Killed Maggie
  7953 | D:6      | Found a burning altar of Makhleb.
  7972 | D:6      | Reached skill level 5 in Invocations
  8823 | D:7      | Found a staircase to the Ecumenical Temple.
  8850 | D:7      | Reached XP level 10. HP: 80/80 MP: 13/18
  9040 | D:7      | Learned a level 2 spell: Static Discharge
  9157 | D:7      | Found a runed translucent door.
  9158 | D:7      | Noticed Crazy Yiuf
  9163 | D:7      | Killed Crazy Yiuf
  9327 | D:7      | Identified the ring of Lady Luck {Str+3 Dex+3 SInv Stlth-}
  9477 | D:8      | Noticed Erica
  9488 | D:8      | Killed Erica
  9489 | D:8      | Reached skill level 5 in Short Blades
  9489 | D:8      | Reached skill level 5 in Axes
  9489 | D:8      | Reached skill level 5 in Maces & Flails
  9489 | D:8      | Reached skill level 5 in Polearms
  9489 | D:8      | Reached skill level 5 in Staves
  9489 | D:8      | Reached skill level 5 in Slings
  9489 | D:8      | Reached skill level 5 in Bows
  9489 | D:8      | Reached skill level 5 in Crossbows
  9489 | D:8      | Reached skill level 5 in Throwing
  9489 | D:8      | Reached skill level 5 in Armour
  9489 | D:8      | Reached skill level 5 in Dodging
  9489 | D:8      | Reached skill level 5 in Stealth
  9489 | D:8      | Reached skill level 5 in Shields
  9489 | D:8      | Reached skill level 5 in Unarmed Combat
  9489 | D:8      | Reached skill level 5 in Evocations
  9495 | D:8      | Identified the +3 leather armour "Qemoog" {rPois Int+2}
  9658 | D:8      | Found a shadowy altar of Dithmenos.
 10113 | D:9      | Noticed Psyche
 10257 | D:9      | Identified the +0 hunting sling of Spontaneous Combustion
                  | {venom, rN+ rCorr}
 10287 | D:9      | Noticed an angel
 10703 | D:9      | Killed Psyche
 10959 | D:9      | Found a shimmering altar of Xom.
 10959 | D:9      | Found a glowing silver altar of Zin.
 11250 | D:9      | Found a staircase to the Orcish Mines.
 11313 | D:9      | Identified the +9 trident of the Curious Geomancers
                  | {protect, Contam rElec rN+ Stlth+}
 11606 | D:9      | Killed an angel
 11674 | D:10     | Entered Level 10 of the Dungeon
 11674 | D:10     | Found Xanoyler's Armour Boutique.
 11717 | D:10     | Found a flagged portal.
 11736 | Bailey   | Entered a bailey
 11829 | Bailey   | Reached XP level 11. HP: 53/87 MP: 14/20
 11833 | Bailey   | Learned a level 3 spell: Swiftness
 12092 | Bailey   | Noticed Prince Ribbit
 12093 | Bailey   | Noticed a vault guard
 12100 | Bailey   | Noticed a vault guard
 12128 | Bailey   | Killed a vault guard
 12129 | Bailey   | Reached skill level 5 in Conjurations
 12129 | Bailey   | Reached skill level 5 in Hexes
 12129 | Bailey   | Reached skill level 5 in Summonings
 12129 | Bailey   | Reached skill level 5 in Necromancy
 12129 | Bailey   | Reached skill level 5 in Translocations
 12129 | Bailey   | Reached skill level 5 in Transmutations
 12129 | Bailey   | Reached skill level 5 in Ice Magic
 12129 | Bailey   | Reached skill level 5 in Air Magic
 12129 | Bailey   | Reached skill level 5 in Earth Magic
 12129 | Bailey   | Reached skill level 5 in Poison Magic
 12393 | Bailey   | Killed Prince Ribbit
 12408 | Bailey   | Killed a vault guard
 12700 | D:10     | Noticed a death yak
 12700 | D:10     | Noticed a death yak
 12713 | D:10     | Noticed a death yak
 12725 | D:10     | Killed a death yak
 12746 | D:10     | Killed a death yak
 12765 | D:10     | Killed a death yak
 13004 | D:10     | Found a staircase to the Lair.
 13039 | D:10     | Noticed a two-headed ogre
 13053 | D:10     | Killed a two-headed ogre
 13054 | D:10     | Reached XP level 12. HP: 51/96 MP: 23/23
 13057 | D:10     | Noticed Josephine
 13060 | D:10     | Noticed a two-headed ogre
 13077 | D:9      | Identified the +4 leather armour "Peankix" {Int+4}
 13310 | D:10     | Killed Josephine
 13324 | D:10     | Killed a two-headed ogre
 13974 | D:10     | Noticed Taurus's ghost (journeyman DECj)
 13976 | D:10     | Found a transporter.
 14004 | D:10     | Found a transporter.
 14162 | D:10     | Learned a level 3 spell: Mephitic Cloud
 14373 | D:10     | Found a basalt altar of Yredelemnul.
 14375 | D:10     | Noticed Urug
 14463 | D:10     | Killed Taurus's ghost
 14790 | D:11     | Reached skill level 10 in Fighting
 14790 | D:11     | Reached skill level 10 in Long Blades
 15481 | D:12     | Noticed a five-headed hydra
 15481 | D:12     | Noticed a four-headed hydra
 15491 | D:11     | Killed a five-headed hydra
 15579 | D:12     | Killed a four-headed hydra
 15824 | D:12     | Noticed a two-headed ogre
 15831 | D:12     | Killed a two-headed ogre
 15842 | D:12     | Noticed a two-headed ogre
 15856 | D:12     | Killed a two-headed ogre
 15870 | D:12     | Reached XP level 13. HP: 80/103 MP: 25/25
 15875 | D:12     | Learned a level 4 spell: Dispel Undead
 16151 | D:12     | Noticed a storm dragon
 16201 | D:12     | Noticed an ettin
 16254 | D:12     | Killed a storm dragon
 16829 | D:12     | Identified the amulet "Ylaihuff" {Regen+ Str+2 Int+4}
 16831 | D:12     | Identified the amulet of Accord {Faith Will+ Regen+}
 17120 | D:12     | Killed an ettin
 17381 | D:13     | Found a sacrificial altar of Ru.
 17642 | D:13     | Noticed a rakshasa
 17665 | D:13     | Killed a rakshasa
 17671 | D:13     | Annihilated by a titanic slime creature

Illustrated notes

Levels and vault maps discovered:
D:1:      spicycebolla_arrival_transporter_tutorial, layout_loops_ring,
          serial_shops, nicolae_shop_bloodbath_and_beyond,
          ebering_ecumenical_altar_box
D:2:      layout_basic
D:3:      layout_loops_cross, ashenzari_conservatory_becter
D:4:      layout_basic, nicolae_hepliaklqana_monster_ancestors,
          nicolae_sif_muna_condensation, uniq_ijyb
D:5:      layout_basic, nicolae_uskayaw_en_pointe, old_standard_altar,
          minmay_diced_spiral
D:6:      layout_gridville, makhleb_grotto_becter, uniq_maggie,
          uniq_blork_the_orc, uniq_pikel
D:7:      layout_cave_pods, temple_doors_e, uniq_crazy_yiuf_cottage
D:8:      layout_basic, mainiacjoe_overflow_six_doors_small, uniq_erica
D:9:      layout_loops_cross, grunt_temple_overflow_order_and_chaos_1,
          chequers_big_river, grunt_ministairs_10, serial_bayou_crossing,
          uniq_psyche
D:10:     cheibrodos_fzero, layout_loops_ring, nicolae_overflow_hidden_temple,
          dpeg_lair_monsters, serial_shops, shop, gammafunk_ghost_stat_death,
          enter_bailey_5, chequers_garden, grunt_ministairs_9, uniq_josephine,
          uniq_urug
D:11:     layout_basic, serial_curves, eino_curves_01, eino_curves_02,
          eino_curves_02
D:12:     layout_long_grid, minmay_the_grid_2x2 [minmay_the_grid_gridbox,
          minmay_the_grid_box_x, minmay_the_grid_outer_circle,
          minmay_the_grid_prize_diamond_cup]
D:13:     layout_basic, nicolae_ru_great_annihilating_truth

Skill      XL: |  1  2  3  4  5  6  7  8  9 10 11 12 13 |
---------------+----------------------------------------+-----
Invocations    | 1 2 3 4 5 6 7 8 9 |  9.0
Short Blades   | 1 2 3 4 5 6 7 8 |  8.2
Axes           | 1 2 3 4 5 6 7 8 |  8.2
Maces & Flails | 1 2 3 4 5 6 7 8 |  8.2
Polearms       | 1 2 3 4 5 6 7 8 |  8.2
Staves         | 1 2 3 4 5 6 7 8 |  8.2
Slings         | 1 2 3 4 5 6 7 8 |  8.2
Bows           | 1 2 3 4 5 6 7 8 |  8.2
Crossbows      | 1 2 3 4 5 6 7 8 |  8.2
Throwing       | 1 2 3 4 5 6 7 8 |  8.2
Armour         | 1 2 3 4 5 6 7 8 |  8.2
Dodging        | 1 2 3 4 5 6 7 8 |  8.2
Stealth        | 1 2 3 4 5 6 7 8 |  8.2
Shields        | 1 2 3 4 5 6 7 8 |  8.2
Unarmed Combat | 1 2 3 4 5 6 7 8 |  8.2
Evocations     | 1 2 3 4 5 6 7 8 |  8.2
Spellcasting   | 3 4 5 6 7 8 |  8.8
Conjurations   | 1 2 3 4 5 6 |  6.9
Hexes          | 1 2 3 4 5 6 |  6.9
Summonings     | 1 2 3 4 5 6 |  6.9
Necromancy     | 1 2 3 4 5 6 |  6.9
Translocations | 1 2 3 4 5 6 |  6.9
Transmutations | 1 2 3 4 5 6 |  6.9
Ice Magic      | 1 2 3 4 5 6 |  6.9
Air Magic      | 1 2 3 4 5 6 |  6.9
Earth Magic    | 1 2 3 4 5 6 |  6.9
Poison Magic   | 1 2 3 4 5 6 |  6.9
Fighting       | 7 8 9 10 | 10.6
Long Blades    | 7 8 9 10 | 10.6
Fire Magic     | 6 7 8 |  8.9

Action                   |  1- 3 |  4- 6 |  7- 9 | 10-12 | 13-15 || total
-------------------------+-------+-------+-------+-------+-------++-------
Melee: Falchion          |   173 |   113 |   223 |     4 |       ||   513
       Bite              |    20 |    16 |    30 |    79 |    19 ||   164
       Punch             |     2 |     1 |     5 |    33 |     5 ||    46
       Scimitar          |       |       |       |    74 |       ||    74
       Trident           |       |       |       |   507 |   132 ||   639
 Fire: Fustibalus        |     2 |       |       |       |       ||     2
Throw: Dart              |       |       |       |     2 |     2 ||     4
 Cast: Scorch            |     3 |    18 |    92 |    64 |     1 ||   178
       Static Discharge  |       |       |       |    28 |     1 ||    29
       Swiftness         |       |       |       |     1 |     1 ||     2
       Mephitic Cloud    |       |       |       |       |     6 ||     6
Invok: Fiery Armour      |       |       |     1 |     3 |     2 ||     6
Evoke: Wand              |       |       |       |     2 |     1 ||     3
  Use: Scroll            |       |       |     6 |     9 |     4 ||    19
       Potion            |       |       |       |     4 |     4 ||     8
 Stab: Sleeping          |     4 |     1 |     1 |     2 |     3 ||    11
       Confused          |       |       |       |       |     7 ||     7
       Paralysed         |       |       |       |       |     4 ||     4
       Distracted        |       |       |       |       |     1 ||     1
Armor: Robe              |    35 |    10 |       |       |       ||    45
       Leather armour    |       |    12 |    52 |   229 |    51 ||   344
       Steam dragon scal |       |       |    24 |       |       ||    24
Dodge: Dodged            |    87 |    98 |   241 |   529 |   104 ||  1059
Block: Buckler           |       |       |       |       |     2 ||     2

Table legend: (Time is in decaauts)
 A = Elapsed time spent in this place.
 B = Non-inter-level travel time spent in this place.
 C = Inter-level travel time spent in this place.
 D = Time resting spent in this place.
 E = Time spent auto-exploring this place.
 F = Levels seen in this place.
 G = Mean time per level.
                   A        B        C        D        E       F      G
               +--------+--------+--------+--------+--------+-----+--------+
         Total |  17648 |  17033 |    615 |   4120 |   9913 |  14 | 1260.6 |
       Dungeon |  16710 |  16095 |    615 |   3827 |   9532 |  13 | 1285.4 |
        Bailey |    938 |    938 |      0 |    293 |    380 |   1 |  938.0 |
               +--------+--------+--------+--------+--------+-----+--------+

Top non-repeatable levels by time:
     D:5: 2173 daAuts
     D:9: 1964 daAuts
     D:6: 1700 daAuts
     D:1: 1539 daAuts
    D:12: 1427 daAuts
    D:10: 1401 daAuts
    D:11: 1273 daAuts
     D:2: 1167 daAuts
     D:3: 1026 daAuts
     D:4: 992 daAuts
  Bailey: 938 daAuts
     D:7: 809 daAuts
     D:8: 797 daAuts
    D:13: 436 daAuts
